Cogmind - Beta 10.2 @@@ ROGUE MODE // 2020.12.25 @ 23:41:38 Player: Wakanaka Result: Destroyed by G-34 Mercenary with Small Laser Performance ------------- Evolutions (1) 500 Regions Visited (2) 400 Robots Destroyed (39) 195 Value Destroyed (629) 629 Prototype IDs (4) 80 Alien Tech Used (0) 0 Bonus (0) 0 TOTAL SCORE: 1804 Bonus ------- None Cogmind --------- Core Integrity 0/400 Matter 279/300 Energy 100/100 System Corruption 0% Temperature Cool (6) Movement Core (550) Ox10 Location -9/Materials Parts ------- > --- POWER (2) -------- (None) > --- PROPULSION (2) --- (None) > --- UTILITY (3) ------ High-capacity Storage Unit > --- WEAPON (2) ------- (None) > --- INVENTORY (12) --- Cooling System Small Battery (100) Terrain Scanner Improved Terrain Scanner Peak State ------------ > --- POWER ------------ Light Ion Engine > --- PROPULSION ------- Aluminum Leg Aluminum Leg > --- UTILITY ---------- High-capacity Storage Unit Light Armor Plating Hacking Suite > --- WEAPON ----------- Light Cannon Datajack > --- INVENTORY -------- Small Battery Terrain Scanner Improved Terrain Scanner [Rating: 10] Favorites ----------- Power Light Ion Engine Engine Light Ion Engine Propulsion Aluminum Leg Leg Aluminum Leg Wheel Wheel Hover Unit Hover Unit Flight Unit Flight Unit Utility Medium Matter Pod Device Improved Terrain Scanner Storage Medium Matter Pod Hackware Hacking Suite Protection Light Armor Plating Weapon Light Cannon Energy Gun EM Pulse Gun Ballistic Gun Light Assault Rifle Ballistic Cannon Light Cannon Special Melee Weapon Datajack Build | -11 -10 -9 ------- Run | Scr Mat Mat Slots Evolved 2 | . . 2 Power 1 | . . 1 Propulsion . | . . . Utility 1 | . . 1 Weapon . | . . . Parts Attached 41 | 8 30 3 Power 12 | 1 10 1 Engine 12 | 1 10 1 Core . | . . . Reactor . | . . . Propulsion 10 | 3 6 1 Treads . | . . . Leg 2 | . 2 . Wheel 3 | 3 . . Hover 3 | . 2 1 Flight 2 | . 2 . Utility 10 | 2 7 1 Device 1 | 1 . . Storage 6 | 1 4 1 Processor . | . . . Hackware 1 | . 1 . Protection 2 | . 2 . Artifact . | . . . Weapon 9 | 2 7 . Energy Gun 1 | . 1 . Energy Cannon . | . . . Ballistic Gun 3 | 2 1 . Ballistic Cannon 4 | . 4 . Launcher . | . . . Special Weapon . | . . . Impact Weapon . | . . . Slashing Weapon . | . . . Piercing Weapon . | . . . Special Melee Weapon 1 | . 1 . Unidentified Prototypes . | . . . Parts Lost 16 | . 7 9 Power 5 | . 3 2 Propulsion 6 | . 3 3 Utility 2 | . . 2 Weapon 3 | . 1 2 Highest Loss Streak 8 | . 2 8 Average Slot Usage (%) 91 | . 94 52 Engine 12 | . 13 4 Leg 13 | . 14 11 Wheel 2 | . 2 . Hover 6 | . 6 3 Flight 1 | . 1 . Storage 19 | . 20 11 Hackware 3 | . 3 6 Protection 3 | . 3 5 Energy Gun 4 | . 5 . Ballistic Gun 4 | . 4 . Ballistic Cannon 12 | . 13 6 Special Melee Weapon 4 | . 4 3 Naked Turns . | . . . Heaviest Build 42 | 8 42 42 Greatest Support 20 | 20 20 20 Greatest Overweight (x) 11 | . 6 11 Average Overweight (x) 1 | . 1 3 Largest Inventory Capacity 12 | 4 12 12 Average Capacity 8 | 4 8 12 Most Carried 7 | 3 7 6 Average Carried 2 | 1 2 4 Final Capacity 12 | 4 4 12 Final Carried 4 | 2 4 4 Class Distribution -------------------- 62% | Mutant 37% | Scavenger-Mutant Dominant Class ---------------- Mutant | -10/Materials Mutant | -9/Materials Resources | -11 -10 -9 ----------- Run | Scr Mat Mat Matter Collected 1230 | 360 846 24 Remotely . | . . . Salvage Created 1029 | 135 829 65 Parts 97 | 16 73 8 Haulers Intercepted . | . . . Recyclers Shooed 1 | . 1 . Parts Field Recycled . | . . . Retrieved Matter . | . . . Parts Self-Destructed . | . . . Prevented . | . . . Kills | -11 -10 -9 ------- Run | Scr Mat Mat Combat Hostiles Destroyed 20 | 1 17 2 Guns 6 | 1 5 . Cannons 13 | . 11 2 AOE 1 | . 1 . Classes Destroyed 9 | 3 5 1 Worker 2 | 1 1 . Builder 4 | . 4 . Tunneler 4 | 3 1 . Recycler 4 | . 4 . Operator 2 | . 2 . Watcher 3 | . 3 . Swarmer 9 | . 9 . Grunt 10 | 1 8 1 Sentry 1 | . . 1 Best Kill Streak 6 | 3 6 2 Combat Bots Only 3 | 1 3 2 Max Kills in Single Turn 1 | 1 1 1 Gunslinging . | . . . Exploded 1 | . 1 . Melee . | . . . Uniques/NPCs Destroyed . | . . . Combat | -11 -10 -9 -------- Run | Scr Mat Mat Damage Taken 1880 | 33 803 1044 Core 524 | . 119 405 Absorbed by Shields . | . . . Core Remaining (%) 76 | 100 52 . Volleys Fired 123 | 9 103 11 Largest 2 | 2 2 1 Hottest 75 | 40 75 35 Shots Fired 209 | 18 180 11 Gun 116 | 18 98 . Cannon 93 | . 82 11 Launcher . | . . . Special . | . . . Kinetic 162 | 18 133 11 Thermal . | . . . Explosive . | . . . Electromagnetic 47 | . 47 . Robot Hit Streak 11 | 6 11 3 Robot Miss Streak 5 | 1 5 2 Penetration Max . | . . . Secondary Targets 2 | . 2 . Max Gunslinging Chain 1 | . 1 . Shots Hit Robots 122 | 13 101 8 Core Hits 48 | 6 40 2 Critical Hits 2 | . 2 . Critical Kills 1 | . 1 . Critical Parts Destroyed 1 | . 1 . Melee Attacks 6 | . 5 1 Impact . | . . . Slashing . | . . . Piercing . | . . . Sneak Attacks 5 | . 5 . Combat Hostiles . | . . . Follow-up Attacks . | . . . Damage Inflicted 1674 | 136 1402 136 Guns 767 | 136 631 . Cannons 795 | . 659 136 Explosions 112 | . 112 . Melee . | . . . Ramming . | . . . Kinetic 1164 | 136 892 136 Thermal 112 | . 112 . Explosive . | . . . Electromagnetic 398 | . 398 . Impact . | . . . Slashing . | . . . Piercing . | . . . Highest Corruption 6 | . 6 . Average Corruption 5 | . 5 . Corruption Purged . | . . . Effects 54 | . 54 . Message Errors 8 | . 8 . Matter Fused 15 | . 15 . Heat Flow Errors 10 | . 10 . Energy Discharges 4 | . 4 . Data Loss (minor) 8 | . 8 . Misfires 2 | . 2 . Targeting Errors 7 | . 7 . Overload Shots . | . . . Overflow Damage 5 | . 5 . Projectiles 5 | . 5 . Explosions . | . . . Melee . | . . . Knockbacks 9 | . 6 3 Impact . | . . . Kinetic 8 | . 6 2 Secondary 1 | . . 1 Self-Inflicted Damage . | . . . Shots . | . . . Rammed . | . . . Targets Rammed . | . . . Kicked . | . . . Crushed . | . . . Highest Temperature 283 | 6 283 7 Average Temperature 82 | 6 83 3 Received Heat Transfer 732 | 18 210 504 Effects 1 | . 1 . Interference 1 | . 1 . Siege Activations . | . . . Robots Corrupted . | . . . Combat Hostiles . | . . . Parts Fried . | . . . Impact Corruptions . | . . . Robots Melted . | . . . Combat Hostiles . | . . . Parts Melted . | . . . Heat Transferred 100 | . 100 . Parts Sabotaged . | . . . Parts Stolen . | . . . Parts Stripped . | . . . Power Chain Reactions 2 | . 2 . Missiles Intercepted . | . . . Alert | -11 -10 -9 ------- Run | Scr Mat Mat Peak Influence 196 | 40 196 30 Initial 26 | . 26 3 Average 44 | 19 50 6 Maximum Alert Level . | . . . Low Security (%) 100 | 100 100 100 Level 1 . | . . . Level 2 . | . . . Level 3 . | . . . Level 4 . | . . . Level 5 . | . . . High Security . | . . . Max Security . | . . . Squads Dispatched 5 | . 4 1 Investigation 2 | . 1 1 Extermination . | . . . Reinforcement 3 | . 3 . Assault . | . . . Garrison . | . . . Intercept . | . . . Construction Impeded . | . . . Haulers Reinforced . | . . . Stealth | -11 -10 -9 --------- Run | Scr Mat Mat Distress Signals 3 | . 2 1 Communications Jammed . | . . . Distress Signals . | . . . Times Spotted 36 | 1 29 6 Peak Tracking Total 5 | 1 3 5 Tactical Retreats 1 | . . 1 Traps | -11 -10 -9 ------- Run | Scr Mat Mat Traps Triggered 4 | . 4 . Indirectly . | . . . Trap Hack Attempts . | . . . Triggered . | . . . Disarmed 2 | . 2 . Reprogrammed . | . . . Reused . | . . . Traps Extracted . | . . . Installed . | . . . Triggered . | . . . Machines | -11 -10 -9 ---------- Run | Scr Mat Mat Machines Disabled 1 | . 1 . Max in Single Turn 1 | . 1 . Machines Sabotaged . | . . . Garrisons Compromised . | . . . Overloaded Fab Kills . | . . . Fab Network Shutdowns . | . . . Hacking | -11 -10 -9 --------- Run | Scr Mat Mat Machines Accessed 7 | . 6 1 Terminals 4 | . 3 1 Fabricators . | . . . Repair Stations 1 | . 1 . Recycling Units 2 | . 2 . Scanalyzers . | . . . Garrison Access . | . . . Total Hacks 30 | . 24 6 Successful 18 | . 14 4 Failed 12 | . 10 2 Catastrophic 4 | . 4 . Database Lockouts . | . . . Manual . | . . . Terminals 21 | . 15 6 Fabricators . | . . . Repair Stations 3 | . 3 . Recycling Units 6 | . 6 . Scanalyzers . | . . . Garrison Access . | . . . Terminal Hacks 11 | . 7 4 Prototype ID Bank 2 | . 1 1 Emergency Access Points 1 | . . 1 Terminal Index 1 | . 1 . Alert Level 1 | . 1 . Locate Traps 1 | . . 1 Disarm Traps 1 | . 1 . Maintenance Status 2 | . 1 1 Hauler Manifests 1 | . 1 . Zone Layout 1 | . 1 . Fabricator Hacks . | . . . Repair Station Hacks 3 | . 3 . Scan Component 1 | . 1 . Repair 1 | . 1 . Refit 1 | . 1 . Recycling Unit Hacks 4 | . 4 . Process 1 | . 1 . Report Inventory 2 | . 2 . Retrieve Components 1 | . 1 . Scanalyzer . | . . . Garrison Access Hacks . | . . . Unauthorized Hacks . | . . . Terminals . | . . . Fabricators . | . . . Repair Stations . | . . . Recycling Units . | . . . Scanalyzers . | . . . Garrison Access . | . . . Data Cores Recovered . | . . . Used . | . . . Hacking Detections 7 | . 6 1 Full Trace Events 5 | . 4 1 Feedback Events 1 | . 1 . Corruption 1 | . 1 . Feedback Blocked . | . . . Robot Schematics Acquired . | . . . Robots Built . | . . . Matter . | . . . Time . | . . . Total Robot Build Rating . | . . . Part Schematics Acquired . | . . . Parts Built . | . . . Matter . | . . . Time . | . . . Total Part Build Rating . | . . . Parts Repaired 1 | . 1 . Time 26 | . 26 . Parts Recycled . | . . . Recycled Matter 77 | . 77 . Retrieved Matter . | . . . Retrieved Components 10 | . 10 . Parts Scanalyzed . | . . . Part Schematics Acquired . | . . . Parts Damaged . | . . . Bothacking | -11 -10 -9 ------------ Run | Scr Mat Mat Used RIF Installer . | . . . Robots Hacked 3 | . 2 1 Non-combat 2 | . 2 . Combat 1 | . . 1 Robot Hacks Applied 3 | . 2 1 parse_system 2 | . 1 1 no_distress 1 | . 1 . Relay Couplers Released . | . . . Robots Rewired . | . . . Allies Hacked . | . . . Hacks Repelled . | . . . Allies | -11 -10 -9 -------- Run | Scr Mat Mat Total Allies . | . . . Largest Group . | . . . Highest-Rated Group . | . . . Highest-Rated Ally . | . . . Total Orders . | . . . Ally Attacks . | . . . Total Damage . | . . . Kills . | . . . Allies Corrupted . | . . . Allies Melted . | . . . Intel | -11 -10 -9 ------- Run | Scr Mat Mat Robot Analysis Total . | . . . Derelict Logs Recovered . | . . . Drone Launches . | . . . Drone Recoveries . | . . . Exploration | -11 -10 -9 ------------- Run | Scr Mat Mat Turns Passed 2548 | 177 2153 218 Spaces Moved 1480 | 174 1225 81 Core 50 | 21 23 6 Treads . | . . . Legs 704 | . 657 47 Wheels 388 | 153 235 . Hover 263 | . 235 28 Flight 75 | . 75 . Fastest Speed 50 | 50 56 150 Average Speed 140 | 76 143 231 Slowest Speed 600 | 80 350 600 Overloaded Moves . | . . . Propulsion Burnouts . | . . . Robots Hopped . | . . . Cave-ins Triggered . | . . . Exploration Rate (%) 37 | 6 94 11 Regions Visited 2 Branch Regions . Pre-discovered Areas . | . . . Known Exits Taken . | . . . Unknown Exits Taken 2 | 1 1 . Scrap Searched . | . . . Spaces Dug . | . . . Terrain Destroyed 4 | . 4 . Melee . | . . . Projectile 1 | . 1 . AOE 3 | . 3 . Terrain Rammed . | . . . Walls Destroyed . | . . . Machines Disabled . | . . . Actions | -11 -10 -9 --------- Run | Scr Mat Mat Total 1753 | 201 1450 102 Wait 33 | . 30 3 Move 1478 | 173 1224 81 Hop . | . . . Pick Up 45 | 10 32 3 Fast Attach . | . . . Attach 23 | 7 13 3 Detach 3 | . 3 . Swap 18 | 1 17 . Drop 24 | 1 23 . Fire 123 | 9 103 11 Melee 6 | . 5 1 Ram . | . . . Kick . | . . . Crush . | . . . Escape Stasis . | . . . Rewire . | . . . Trap . | . . . Miscellaneous . | . . . Route ------- -11/Scrapyard -10/Materials (discovered 5 exits: *Mat x3 / [*Min x2]) -9/Materials History --------- Turn | Location | Event 2 | -11/Scrapyard | Met Revision 17 68 | -11/Scrapyard | Discovered new exit (range 8) 178 | -11/Scrapyard | Entered Materials 313 | -10/Materials | Build established: Mutant 379 | -10/Materials | Discovered new exit (range 8) 607 | -10/Materials | Discovered new exit (range 14) 1224 | -10/Materials | Discovered new exit (range 3) 1581 | -10/Materials | Discovered new exit (range 10) 1902 | -10/Materials | Discovered new exit (range 10) 1992 | -10/Materials | Build established: Scavenger-Mutant 2023 | -10/Materials | Repaired Lgt. Cannon 2331 | -10/Materials | Entered another Materials area 2331 | -9/Materials | Evolved 2 slots: Power x1, Utility x1 2485 | -9/Materials | Core integrity fell below 50% 2504 | -9/Materials | Lost 8 parts (2p2n2u2w) 2542 | -9/Materials | Core integrity fell below 20% 2549 | -9/Materials | Destroyed by G-34 Mercenary with Small Laser Last Messages --------------- Jacked Y-45 Defender... >>parse_system Reading system data... Acquired Imp. Hover Unit. Datajack destroyed. Lgt. Ion Engine destroyed. G-34 Mercenary knocked back. G-34 Mercenary destroyed. Acquired 24 matter. Aluminum Leg destroyed. Lgt. Armor Plating destroyed. G-34 Mercenary knocked back. Aluminum Leg destroyed. Y-45 Defender destroyed. Hacking Suite destroyed. Lgt. Cannon destroyed. Acquired Ion Engine. Ion Engine destroyed. K-01 Serf collects debris. Imp. Hover Unit destroyed. Map ----- +----------------------------------------------------+ | | | ??????????????????????????????????? | | ??????????????????????????????????? | | ??????????????????????????????????? | | ??????????????????????????????????? | | ??????????????????????????????????? | | ??????????????????????????????????? | | ??????????????????????????????????? | | ??????????????????????????????????? | | ??????????????????????????????????? | | ??????????????????????????????????? | | ??????????????????????????????????? | | ??????????????????????????????????? | | ??????????############+#??????????? | | ?????????? ??????????? | | ?????????? ???????????? | | ??????????# #???????????? | | ??????????# #???????????? | | ??????????# +???????????? | | ??????????# """ #???????????? | | ??????????# """"" #???????????? | | ??????????# """"" #???????????? | | ??????????# """"" #???????????? | | ??????????# """ #???????????? | | ??????????# g ######## #??? | | #### g @ #??? | | ???T"" + ######+###### #??? | | ???""" ##### ## #?? #??? | | ???????????# ## ! #????#??? | | ???????????# ## """ #???????? | | ???????????# ## """ #???????? | | ???????????# # """ #???????? | | ???????????# ## "Y" #???????? | | ???????????# ## """ #???????? | | ???#########/#############????????? | | / #?????????????? | | ???######## !!!#?????????????? | | ??????????# !!!########??????? | | ??????????# ! # #??????? | | ??????????# """ # """ #??????? | | ??????????# """ #![""" #??????? | | ??????????# """ =+%[""" #??????? | | ??????????# =#=* #??????? | | ??????????#######+### #??????? | | ???????#+###### ###+####??????? | | ?????### #??????? | | ?? #??????? | | ?? #??????? | | ???""" """ T ###+####??????? | | ?????" """ #?????????????? | +----------------------------------------------------+ Best States ------------- Heat Dissipation 28 Energy Generation 10 Energy Capacity 250 Matter Stores 400 Matter Capacity 400 Sight Range 16 Terrain Scan Range 16 Terrain Scan Density 10 Armor Coverage 150 Evasion (%) 50 Offensive Hacking 10 Item Schematics ----------------- None Robot Schematics ------------------ None Fabricated ------------ Nothing Alien Tech Used ----------------- None Achievements -------------- Crack Shot Part-time Mechanic Shopping List Challenges ------------ None Game ------ Seed FusionSlugReactor Manual? 0 Play Time 00:50:51 Cumulative 2.5 hours Start 2020.12.25 @ 22:50:00 End 2020.12.25 @ 23:41:38 Sessions 1 Manual Loads 0 Difficulty Rogue Special Mode None Game No. 2 Rogue 2 Adventurer 0 Explorer 0 Win Type - Total 0 Types 0/0/0/0/0/0/0/0/0 Lore% 0 Gallery% 4 Achievement% 3 Wizard Run 0 Options --------- ASCII 0 Keyboard 0 Movement Arrows Keybinds 0 Fullscreen 1 Font 18/Terminus Map View 76x50 Tactical HUD 0 Map Filters NONE Filters NONE Steam 1 RUN: e9be11dd-dd94-4e92-8029-8a6a1ebbcb62